 Dungeon Crawl Stone Soup version 0.30.1-4-g462c640d31 (webtiles) character file.

Game seed: 968358845027076155

129 rvierbuc the Trooper (level 4, -9/37 HPs)
             Began as a Demonspawn Fighter on Aug 24, 2023.
             Killed by divine providence
             ... invoked by an orc priest
              (10 damage)
             ... on level 3 of the Dungeon.
             The game lasted 00:06:07 (2765 turns).

rvierbuc the Trooper (Demonspawn Fighter)           Turns: 2765, Time: 00:06:07

Health: -9/37      AC:  7    Str: 19    XL:     4   Next: 88%
Magic:  4/4        EV:  9    Int:  9    God:
Gold:   129        SH:  0    Dex: 12    Spells: 3/3 levels left

rFire   . . .        a - +0 war axe
rCold   . . .        c - +0 buckler
rNeg    . . .        b - +0 scale mail
rPois   .            o - +0 helmet
rElec   .            (no cloak)
rCorr   .            (no gloves)
SInv    .            (no boots)
Will    .....        (no amulet) Stlth
                     (no ring)
HPRegen 0.26/turn    (no ring)
MPRegen 0.09/turn

%: no passive effects
@: confused
A: claws 1
a: no special abilities


You were on level 3 of the Dungeon.
You visited 1 branch of the dungeon, and saw 3 of its levels.

You collected 129 gold pieces.

Inventory:

Hand Weapons
 a - a +0 war axe (weapon)
Missiles
 l - 12 poisoned darts (quivered)
Armour
 b - a +0 scale mail (worn)
 c - a +0 buckler (worn)
 o - a +0 helmet (worn)
Jewellery
 e - an amulet of reflection
 p - a +6 ring of strength
Scrolls
 f - 2 scrolls of immolation {unknown}
 g - a scroll of magic mapping {unknown}
 h - 2 scrolls of teleportation {unknown}
 k - a scroll of fear {unknown}
 n - 2 scrolls of identify {unknown}
 q - 2 scrolls of amnesia {unknown}
Potions
 d - a potion of might
 i - a potion of curing {unknown}
 j - 2 potions of attraction {unknown}
 m - 3 potions of lignification {unknown}


   Skills:
 * Level 3.6 Fighting
 + Level 3.4 Axes
 + Level 0.1 Throwing
 + Level 3.1 Armour
 + Level 0.2 Dodging
 + Level 0.2 Stealth
 + Level 3.0 Shields


You had 3 spell levels left.
You didn't know any spells.
Your spell library was empty.

Dungeon Overview and Level Annotations

Branches:
Dungeon (3/15)

Altars:


Innate Abilities, Weirdness & Mutations

You have sharp fingernails.


Message History

You throw a curare-tipped dart.
The curare-tipped dart closely misses the orc wizard.
The orc wizard hits you with a +0 dagger.
You miss the orc wizard.
The orc wizard is lightly wounded.
You closely miss the orc priest. The orc priest closely misses you.
The orc wizard barely misses you.
You slash the orc wizard!
The orc wizard is severely wounded.
You closely miss the orc priest.
The orc priest hits you with a +0 dagger.
The orc wizard hits you with a +0 dagger.
You hit the orc wizard.
The orc wizard is almost dead.
You slash the orc priest!
The orc wizard gestures at you while chanting.
You are more confused.
The orc priest hits you but does no damage.
The orc priest invokes the aid of Beogh against you.
Pain shoots through your body!
* * * LOW HITPOINT WARNING * * *
The orc wizard closely misses you.
You hit the orc wizard.
The orc wizard is almost dead.
You closely miss the orc priest.
The orc priest hits you with a +0 dagger.
* * * LOW HITPOINT WARNING * * *
The orc wizard completely misses you.
You're too confused to move!
The orc wizard hits you but does no damage.
The orc priest hits you but does no damage.
You closely miss the orc wizard.
The orc wizard is almost dead.
You barely miss the orc priest.
The orc priest hits you with a +0 dagger.
* * * LOW HITPOINT WARNING * * *
The orc wizard hits you but does no damage.
The orc priest invokes the aid of Beogh against you.
Beogh smites you!
You die...

#.........##
##.....##...#
......#....#.##
#.#.#..######..#######
###.#.#... ..###........
....#.#..# #.######.....
#......# #.#..........
#..)...###.#.#........
#...o@.....#.#........
#..o..)#.....#........
#............###......
...(....##.#######.##'##
####.........#......#.##
#####.#.#.#.######...
#.#.#.#.##....### #.#..
#.##....# ##. #.##....#


You could see an orc priest and an orc wizard.

Vanquished Creatures
  Robin (D:3)
  3 adders
  4 dart slugs
  A worm (D:2)
  4 orcs (D:3)
  4 endoplasms
  2 giant cockroaches
  12 goblins
  7 hobgoblins
  3 jackals (D:1)
  7 quokkas
  7 ball pythons
  2 bats
  6 frilled lizards
  4 kobolds
  3 rats
70 creatures vanquished.

Notes
Turn   | Place    | Note
-------+----------+-------------------------------------------
     0 | D:1      | rvierbuc the Demonspawn Fighter began the quest for the
                  | Orb.
     0 | D:1      | Reached XP level 1. HP: 18/18 MP: 1/1
   299 | D:1      | Discovered your monstrous ancestry.
   299 | D:1      | Gained mutation: You have sharp fingernails. [demonic
                  | ancestry]
   299 | D:1      | Reached XP level 2. HP: 23/24 MP: 2/2
  1110 | D:2      | Reached XP level 3. HP: 24/29 MP: 3/3
  1971 | D:3      | Noticed Robin
  1977 | D:2      | Reached XP level 4. HP: 35/35 MP: 4/4
  2047 | D:3      | Killed Robin
  2764 | D:3      | HP: 1/37 [orc priest/+0 dagger (1)]
  2765 | D:3      | Killed from afar by an orc priest

Illustrated notes

Levels and vault maps discovered:
D:1:      amcnicky_arrival_underground_garden, layout_loops_corners
D:2:      layout_loops_ring, nicolae_eternal_life
D:3:      layout_basic, st_stairs_10, minivault_24, saegor_snake_ambush,
          uniq_robin

Skill      XL: |  1  2  3  4 |
---------------+-------------+-----
Axes           | 2 3 |  3.4
Shields        | 3 |  3.0
Armour         | 3 |  3.1
Fighting       | |  3.6
Throwing       | |  0.1
Dodging        | |  0.2
Stealth        | |  0.2

Action                     |  1- 3 |  4- 6 || total
---------------------------+-------+-------++-------
  Melee: War axe           |   115 |    84 ||   199
  Throw: Dart              |     6 |     2 ||     8
 Armour: Scale mail        |    47 |    38 ||    85
  Dodge: Dodged            |    53 |    51 ||   104
  Block: Buckler           |    27 |    27 ||    54
